 Dungeon Crawl Stone Soup version 0.21-a0-344-g2144152 (webtiles) character file.

77511 Amnesiac the Geomancer (level 15, -5/115 HPs)
             Began as a Gnoll Earth Elementalist on Oct 4, 2017.
             Was an Elder of Ashenzari.
             Killed by drain life
             ... invoked by a soul eater
              (10 damage)
             ... in the Vestibule of Hell.
             The game lasted 01:16:22 (20778 turns).

Amnesiac the Geomancer (Gnoll Earth Elementalist)  Turns: 20778, Time: 01:16:23

Health: -5/115     AC: 23    Str: 15      XL:     15   Next: 57%
Magic:  26/30      EV: 22    Int: 21 (23) God:    Ashenzari [****..]
Gold:   635        SH:  3    Dex: 16      Spells: 19/36 levels left

rFire    + . .     SeeInvis +   a - +7 dagger of Gozag's Scorn {pierce, rElec Str+4}
rCold    . . .     Gourm    .   (no shield)
rNeg     . . .     Faith    .   d - +2 robe {Archmagi}
rPois    .         Spirit   .   L - +2 hat (curse)
rElec    +         Reflect  +   H - +2 cloak {+Inv} (curse)
rCorr    +         Harm     .   F - +1 pair of gloves (curse)
MR       +....     Clarity  +   S - +4 pair of boots "Ebri" {*Slow rElec rCorr}
Stlth    +++++.....             z - +3 amulet of reflection
HPRegen  0.29/turn              k - +5 ring of protection (curse)
MPRegen  0.22/turn              D - ring of protection from fire (curse)

@: hasted, very quick
A: distributed training, fangs 1, strong nose
a: Curse Item, Scrying, Renounce Religion, Evoke Invisibility


You were in the Vestibule of Hell.
You worshipped Ashenzari.
Ashenzari was greatly pleased with you.
You were not hungry.

You visited 5 branches of the dungeon, and saw 20 of its levels.
You also visited: Labyrinth.

You collected 1994 gold pieces.
You spent 1359 gold pieces at shops.

Inventory:

Hand Weapons
 a - the +7 dagger of Gozag's Scorn (weapon) {pierce, rElec Str+4}
   (You found it in a labyrinth)

   It inflicts extra damage upon your enemies.
   It affects your strength (+4).
   It insulates you from electricity.
 b - a +5 blowgun
Missiles
 i - 8 needles of sleeping
 m - 6 needles of paralysis
 t - 19 poisoned needles
 M - 2 throwing nets
Armour
 d - a +2 robe of the Archmagi (worn)
 g - a +0 pair of gloves of dexterity
 F - a cursed +1 pair of gloves (worn)
 H - a cursed +2 cloak of invisibility (worn)
 L - a cursed +2 hat (worn)
 S - the +4 pair of boots "Ebri" (worn) {*Slow rElec rCorr}
   (You bought it in a shop on level 14 of the Dungeon)

   It insulates you from electricity.
   It protects you from acid and corrosion.
   It may slow you when you take damage.
Jewellery
 k - a cursed +5 ring of protection (left hand)
 z - a +3 amulet of reflection (around neck)
 D - a cursed ring of protection from fire (right hand)
 E - an uncursed ring of protection from fire
 G - an uncursed ring of wizardry
 O - an uncursed ring of flight
 U - an uncursed ring of protection from magic
 V - an uncursed ring of poison resistance
 W - an uncursed amulet of harm
Wands
 c - a wand of iceblast (6/15)
 f - a wand of digging (10/24)
 s - a wand of acid (8/15)
 y - a wand of lightning (2/15)
 I - a wand of confusion (18/48)
 K - a wand of clouds (6/9)
 Y - a wand of scattershot (4/9)
 Z - a wand of enslavement (14/24)
Scrolls
 e - 3 scrolls of remove curse {!r}
 h - 2 scrolls of enchant weapon {!r}
 l - 5 scrolls of identify {!r}
 n - a scroll of amnesia {!r}
 q - 2 scrolls of fog {!r}
 u - 3 scrolls of recharging {!r}
 v - a scroll of enchant armour {!r}
 B - a scroll of silence {!r}
 N - 2 scrolls of vulnerability {!r}
Potions
 j - a potion of haste {!q}
 r - 2 potions of curing {!q}
 A - a potion of cancellation {!q}
 C - 2 potions of brilliance {!q}
 P - 2 potions of agility {!q}
 Q - a potion of resistance {!q}
 R - 2 potions of might {!q}
 T - a potion of mutation {!q}
Comestibles
 o - 6 royal jellies
 p - 6 meat rations


   Skills:
 + Level 10.0 Fighting
 + Level 10.0 Short Blades
 + Level 10.0 Long Blades
 + Level 10.0 Axes
 + Level 10.0 Maces & Flails
 + Level 10.0 Polearms
 + Level 10.0 Staves
 + Level 10.0 Slings
 + Level 10.0 Bows
 + Level 10.0 Crossbows
 + Level 10.0 Throwing
 + Level 10.0 Armour
 + Level 10.9(13.0) Dodging
 + Level 10.8(12.8) Stealth
 + Level 10.0 Shields
 + Level 10.0 Unarmed Combat
 + Level 11.1 Spellcasting
 + Level 10.0(12.1) Conjurations
 + Level 10.0(12.1) Hexes
 + Level 10.0(12.1) Charms
 + Level 10.0(12.1) Summonings
 + Level 10.0(12.1) Necromancy
 + Level 10.0(12.1) Translocations
 + Level 10.3(12.4) Transmutations
 + Level 10.0(12.1) Fire Magic
 + Level 10.0(12.1) Ice Magic
 + Level 10.0(12.1) Air Magic
 + Level 11.7(13.7) Earth Magic
 + Level 10.0(12.1) Poison Magic
 + Level 10.0 Invocations
 + Level 10.0(12.1) Evocations


You had 19 spell levels left.
You knew the following spells:

 Your Spells              Type           Power        Failure   Level  Hunger
b - Passwall              Tmut/Erth      #######...   1%          2    None
d - Lee's Rapid Deconstr  Erth           #######...   1%          5    ####...
e - Petrify               Tmut/Erth      #######.     1%          4    #......
r - Regeneration          Chrm/Necr      #######...   1%          3    None
w - Spectral Weapon       Hex/Chrm       #######.     1%          3    None


Dungeon Overview and Level Annotations

Branches:
Dungeon (15/15)            Temple (1/1) D:7            Lair (0/6) D:10
    Orc (2/2) D:11            Elf (0/3) Orc:2        Vaults (0/5) D:13
 Depths (1/5) D:15           Hell (1/1)
    Dis: Hell:1         Geh: Hell:1         Coc: Hell:1         Tar: Hell:1

Altars:
Ashenzari
Cheibriados
Dithmenos
Elyvilon
Fedhas
Gozag
Hepliaklqana
Kikubaaqudgha
Makhleb
Nemelex Xobeh
Okawaru
Qazlal
Ru
Sif Muna
Trog
Uskayaw
Vehumet
Wu Jian
Xom
Yredelemnul
Zin
The Shining One
Beogh
Jiyva

Shops:
D:6 ([(   D:14 [   Orc:2 *[(=

Portals:
Hell: Depths:1
Ziggurat: Depths:1

Annotations:
D:7 1 runed door
Hell Geryon


Innate Abilities, Weirdness & Mutations

Your experience applies equally to all skills.
You have very sharp teeth.
Your uncanny sense of smell can sniff out nearby items.


Message History

You hear an angry squeal.
You hear a shout!
Really quaff
r - 4 potions of curing {!q}?
You feel better.
Your surroundings suddenly seem different. 3 fire elementals, a necromancer and a rust devil come into view.
Really quaff
r - 3 potions of curing {!q}?
You feel better.
Okay, then.
Really read
w - 2 scrolls of teleportation {!r}?
As you read the scroll of teleportation {!r}, it crumbles to dust.
You feel strangely unstable.
An anaconda simulacrum comes into view.
The fire elemental barely misses you. The rust devil completely misses you.
A dire elephant zombie comes into view.
Your surroundings seem slightly different.
A fire elemental comes into view.
Really read
w - a scroll of teleportation {!r}?
As you read the scroll of teleportation {!r}, it crumbles to dust.
You feel strangely unstable.
Your surroundings suddenly seem different.
You hear a distant blaring wail to the west.
The necromancer casts a spell.
The necromancer binds the souls of nearby monsters.
The hell hog squeals angrily.
Found a gateway back into the Dungeon. 3 hell hogs, a hellephant, a necromancer, a lorocyproca, a soul eater, 4 rust devils, a balrug, a freezing wraith, a zombie and a simulacrum come into view.
Ashenzari warns you: The balrug is wielding a demon whip of venom.
The necromancer is wielding a dagger of venom.
A necromancer and a crimson imp come into view.
The necromancer shouts!
Geryon roars, "Get thee gone whilst life thou hast!"
The hell hog squeals angrily. x2; The hell knight shouts!
The hellephant trumpets!
You hear a shout!
You hear a distant blaring wail to the southwest.
The spriggan air mage zombie hits you but does no damage.
The balrug gestures at you. Something smites you!
* * * LOW HITPOINT WARNING * * *
The sun demon shouts!
You hear a deafening roar!
The crimson imp shouts!
A reaper comes into view.
Ashenzari warns you: It is wielding a scythe of flaming.
What are your orders? t - Bark!
Orders for allies: a - Attack new target. r - Retreat! s - Stop attacking. g - Guard the area. f - Follow me.
Anything else - Cancel.
Okay, then.
Okay, then.
Really quaff
j - 2 potions of haste {!q}?
You feel yourself speed up.
You hear a shout! x2; You hear an angry squeal.
The necromancer gestures wildly while chanting.
The necromancer flickers and vanishes for a moment.
The soul eater barely misses you.
The hellephant blinks!
The rust devil hits you.
The spriggan air mage zombie misses you.
The spriggan air mage zombie barely misses you.
The balrug gestures at you. Something smites you!
* * * LOW HITPOINT WARNING * * *
The necromancer gestures wildly while chanting.
The necromancer binds the souls of nearby monsters.
The soul eater draws from the surrounding life force!
You die...

≈.§.. , , ,,, ,,, ,
≈≈... ..............., ,
, , ≈≈...,,
............... , #≈≈..
..4......∩.2.... , #≈≈≈,
................ ≈≈ ,
.p.............. ≈ *≈ ,
...&.p........... ≈ ,,**
§...h2..h.......4.,,, ≈
,
,≈≈≈....4hZ@4....2..,,,≈
≈ ,,
,..≈≈≈....h4...pWZ... ,
.....pp∩....Z3...Z...∩ ≈
, ,,
...≈≈≈.....Y.∩..3.... ,
,
*#.§≈≈....p..Z........,
, ⌠
#≈≈.................. ,
≈
§§§.4..5.............,,
≈ ,
*≈§§§..................
, ≈ * ≈
§§............Z...... ,,
,,


You could see Geryon, a hellephant, a lorocyproca (invisible), a reaper, a
balrug, 2 hell knights, a soul eater, 4 hell hogs, a sun demon, an ice devil
(wandering), 4 rust devils, a freezing wraith, 4 necromancers, a crimson imp, a
human simulacrum, a sphinx zombie, 2 spriggan air mage zombies and a frost giant
zombie.

Vanquished Creatures
  A tengu reaver (Depths:1)
  A frost giant (D:15)
  An orc warlord (Orc:2)
  4 very ugly things
  4 stone giants
  Nessos (D:13)
  2 ettins
  A fire dragon (D:15)
  An ice dragon (Depths:1)
  A minotaur (Lab)
  A great orb of eyes (Depths:1)
  A rakshasa (Depths:1)
  3 hydras
  Erica (D:9)
  The ghost of Amnesiac the Geomancer, a novice GnEE of Ashenzari (D:10)
  A death knight (D:15)
  4 centaur warriors
  7 two-headed ogres
  An ogre mage (D:15)
  2 deep troll earth magi (Depths:1)
  2 orc high priests (Orc:1)
  2 tengu warriors
  Urug (D:14)
  A hell knight (D:15)
  A deep elf knight (D:15)
  An unseen horror (D:15)
  2 glowing orange brains
  A flayed ghost (Depths:1)
  8 orc knights
  13 ugly things
  2 orc sorcerers
  5 cyclopes
  A necromancer (Depths:1)
  2 manticores
  An oklob plant (D:11)
  2 gargoyles
  A yaktaur zombie (Depths:1)
  3 centaur skeletons
  2 freezing wraiths (D:15)
  8 trolls
  A hornet (D:11)
  20 slime creatures
  3 hippogriffs
  Sigmund (D:5)
  A frost giant simulacrum (Depths:1)
  A water elemental (D:14)
  2 wyverns
  2 wraiths
  A hungry ghost (D:14)
  8 yaks
  16 humans
  2 vampire mosquitoes
  3 wargs
  A soldier ant (D:14)
  An acid dragon (D:14)
  3 water moccasins
  36 orc warriors
  A black bear (D:7)
  2 phantoms
  5 ice beasts
  A deep troll simulacrum (Depths:1)
  A black bear (shapeshifter) (D:15)
  2 eyes of draining
  2 necrophages
  2 sky beasts
  14 ogres
  4 boggarts (D:14)
  12 centaurs
  8 bullfrogs
  2 wyvern zombies
  2 yaktaur skeletons (Depths:1)
  A wyvern skeleton (D:7)
  A scorpion (D:5)
  A water moccasin skeleton (D:10)
  An oklob sapling (D:11)
  4 killer bees (D:8)
  4 wights (D:8)
  2 howler monkeys (D:12)
  10 crimson imps
  3 centaur zombies
  3 hounds
  A bullfrog zombie (D:10)
  17 orc priests
  4 jellies
  25 orc wizards
  4 iguanas
  12 worker ants
  A hound skeleton (D:8)
  A hound zombie (D:5)
  A worker ant zombie (D:9)
  3 howler monkey skeletons
  14 adders
  2 shadow imps
  An adder zombie (D:8)
  2 worms
  3 leopard geckos
  73 orcs
  8 ball pythons
  4 giant cockroaches
  2 goblins
  A hobgoblin (D:2)
  A jackal (D:11)
  A kobold (D:2)
  A quokka (D:7)
  2 bats
  A frilled lizard (D:5)
  A rat (D:2)
  2 fungi (Orc:2)
476 creatures vanquished.

Vanquished Creatures (others)
  An orc wizard (Orc:2)
  6 fungi (Orc:2)
7 creatures vanquished.

Grand Total: 483 creatures vanquished

Notes
Turn   | Place    | Note
-------+----------+-------------------------------------------
     0 | D:1      | Amnesiac the Gnoll Earth Elementalist began the quest for the Orb.
     0 | D:1      | Reached XP level 1. HP: 13/13 MP: 6/6
   300 | D:2      | Reached XP level 2. HP: 8/19 MP: 7/7
   416 | D:3      | Learned a level 2 spell: Passwall
   427 | D:3      | You fall through a shaft for 3 floors!
   429 | D:6      | Reached skill level 5 in Spellcasting
   429 | D:6      | Reached XP level 3. HP: 21/25 MP: 7/9
   478 | D:6      | Noticed a centaur
   489 | D:6      | Killed a centaur
   489 | D:6      | Reached skill level 1 in Fighting
   489 | D:6      | Reached skill level 1 in Short Blades
   489 | D:6      | Reached skill level 1 in Long Blades
   489 | D:6      | Reached skill level 1 in Axes
   489 | D:6      | Reached skill level 1 in Maces & Flails
   489 | D:6      | Reached skill level 1 in Polearms
   489 | D:6      | Reached skill level 1 in Staves
   489 | D:6      | Reached skill level 1 in Slings
   489 | D:6      | Reached skill level 1 in Bows
   489 | D:6      | Reached skill level 1 in Crossbows
   489 | D:6      | Reached skill level 1 in Throwing
   489 | D:6      | Reached skill level 1 in Armour
   489 | D:6      | Reached skill level 1 in Shields
   489 | D:6      | Reached skill level 1 in Unarmed Combat
   489 | D:6      | Reached skill level 1 in Conjurations
   489 | D:6      | Reached skill level 1 in Hexes
   489 | D:6      | Reached skill level 1 in Charms
   489 | D:6      | Reached skill level 1 in Summonings
   489 | D:6      | Reached skill level 1 in Necromancy
   489 | D:6      | Reached skill level 1 in Translocations
   489 | D:6      | Reached skill level 1 in Fire Magic
   489 | D:6      | Reached skill level 1 in Ice Magic
   489 | D:6      | Reached skill level 1 in Air Magic
   489 | D:6      | Reached skill level 1 in Poison Magic
   489 | D:6      | Reached skill level 1 in Invocations
   489 | D:6      | Reached skill level 1 in Evocations
   489 | D:6      | Reached XP level 4. HP: 15/32 MP: 8/11
   495 | D:6      | Learned a level 4 spell: Petrify
   504 | D:6      | Reached XP level 5. HP: 20/37 MP: 7/12
   519 | D:5      | Entered Level 5 of the Dungeon
   653 | D:5      | Reached XP level 6. HP: 34/44 MP: 5/13
   660 | D:5      | Learned a level 5 spell: Lee's Rapid Deconstruction
   870 | D:5      | Noticed Sigmund
   885 | D:5      | Killed Sigmund
   885 | D:5      | Reached skill level 5 in Dodging
   885 | D:5      | Reached XP level 7. HP: 50/50 MP: 10/15
  1737 | D:5      | Reached skill level 5 in Stealth
  2306 | D:6      | Found Tewup's Antique Weapon Emporium.
  2346 | D:6      | Reached XP level 8. HP: 53/57 MP: 8/16
  2555 | D:6      | Found Ogatef's Antique Weapon Shoppe.
  2561 | D:6      | Bought a glowing blowgun for 104 gold pieces
  2703 | D:6      | Found Fahox's Antique Armour Shop.
  2707 | D:6      | Bought a pair of glowing gloves for 120 gold pieces
  3249 | D:7      | Reached XP level 9. HP: 58/65 MP: 2/18
  3373 | D:7      | Found a glowing golden altar of the Shining One.
  3373 | D:7      | Found a runed door.
  3373 | D:7      | Noticed an angel
  3609 | D:7      | Found a staircase to the Ecumenical Temple.
  3615 | Temple   | Entered the Ecumenical Temple
  3715 | Temple   | Became a worshipper of Ashenzari the Shackled
  3995 | D:7      | Reached skill level 5 in Transmutations
  4498 | D:8      | Noticed a two-headed ogre
  4505 | D:8      | Killed a two-headed ogre
  4505 | D:8      | Reached XP level 10. HP: 73/73 MP: 15/20
  4807 | D:8      | Found a burning altar of Makhleb.
  4812 | D:8      | Reached skill level 5 in Fighting
  4812 | D:8      | Reached skill level 5 in Short Blades
  4812 | D:8      | Reached skill level 5 in Long Blades
  4812 | D:8      | Reached skill level 5 in Axes
  4812 | D:8      | Reached skill level 5 in Maces & Flails
  4812 | D:8      | Reached skill level 5 in Polearms
  4812 | D:8      | Reached skill level 5 in Staves
  4812 | D:8      | Reached skill level 5 in Slings
  4812 | D:8      | Reached skill level 5 in Bows
  4812 | D:8      | Reached skill level 5 in Crossbows
  4812 | D:8      | Reached skill level 5 in Throwing
  4812 | D:8      | Reached skill level 5 in Armour
  4812 | D:8      | Reached skill level 5 in Shields
  4812 | D:8      | Reached skill level 5 in Unarmed Combat
  4812 | D:8      | Reached skill level 5 in Conjurations
  4812 | D:8      | Reached skill level 5 in Hexes
  4812 | D:8      | Reached skill level 5 in Charms
  4812 | D:8      | Reached skill level 5 in Summonings
  4812 | D:8      | Reached skill level 5 in Necromancy
  4812 | D:8      | Reached skill level 5 in Translocations
  4812 | D:8      | Reached skill level 5 in Fire Magic
  4812 | D:8      | Reached skill level 5 in Ice Magic
  4812 | D:8      | Reached skill level 5 in Air Magic
  4812 | D:8      | Reached skill level 5 in Poison Magic
  4812 | D:8      | Reached skill level 5 in Invocations
  4812 | D:8      | Reached skill level 5 in Evocations
  4991 | D:9      | Found a blossoming altar of Fedhas.
  5311 | D:9      | Reached * piety under Ashenzari
  5458 | D:9      | Noticed Erica
  5475 | D:10     | Entered Level 10 of the Dungeon
  5543 | D:9      | Killed Erica
  5947 | D:10     | Found a staircase to the Lair.
  6022 | D:10     | Noticed Amnesiac's ghost (novice GnEE)
  6035 | D:10     | Killed Amnesiac's ghost
  6035 | D:10     | Reached XP level 11. HP: 56/81 MP: 10/22
  6942 | D:11     | Found a labyrinth entrance.
  6972 | Lab      | Entered a labyrinth
  7049 | Lab      | Reached ** piety under Ashenzari
  7109 | Lab      | Noticed a minotaur
  7119 | Lab      | Killed a minotaur
  7121 | Lab      | Got the cursed chain mail of Objectivity {Str+3 Int+4 Dex+3}
  7125 | Lab      | Got the dagger of Gozag's Scorn {pierce, rElec Str+4}
  7126 | Lab      | Identified the +7 dagger of Gozag's Scorn {pierce, rElec Str+4} (You found it in a labyrinth)
  7294 | D:11     | Found a transporter.
  7299 | D:11     | Found a viscous altar of Jiyva.
  7301 | D:11     | Noticed a glowing orange brain
  7301 | D:11     | Found a transporter.
  7341 | D:11     | Noticed an oklob plant
  7605 | D:11     | Noticed a two-headed ogre
  7605 | D:11     | Killed a two-headed ogre
  7918 | D:11     | Found a staircase to the Orcish Mines.
  7926 | D:11     | Found a roughly hewn altar of Beogh.
  8180 | D:11     | Identified the Catalogue of Nature
  8409 | D:11     | Killed an oklob plant
  8531 | D:12     | Noticed a two-headed ogre
  8567 | D:12     | Killed a two-headed ogre
  8626 | D:12     | Noticed a cyclops
  8644 | D:12     | Killed a cyclops
  9012 | D:11     | Reached XP level 12. HP: 89/89 MP: 11/24
  9391 | D:12     | Learned a level 3 spell: Spectral Weapon
  9395 | D:12     | Learned a level 3 spell: Regeneration
  9591 | D:12     | HP: 4/91 [large slime creature (25)]
 10222 | D:12     | Reached *** piety under Ashenzari
 10412 | D:13     | Found a gate to the Vaults.
 10412 | D:13     | Noticed a two-headed ogre
 10412 | D:13     | Noticed a centaur warrior
 10739 | D:12     | Killed a two-headed ogre
 10893 | D:12     | Killed a centaur warrior
 10893 | D:12     | Reached skill level 10 in Earth Magic
 11028 | D:13     | Noticed Nessos
 11044 | D:13     | Killed Nessos
 11044 | D:13     | Reached XP level 13. HP: 48/98 MP: 10/26
 11072 | D:13     | Got the uncursed chain mail "Rac Ames" {Int+4}
 11466 | D:13     | Found a white marble altar of Elyvilon.
 11545 | D:14     | Noticed Urug
 11568 | D:14     | Killed Urug
 11656 | D:14     | Got the rapier of the Hills {pierce, Dex+4}
 11795 | D:14     | Noticed a rakshasa
 12130 | D:14     | Found Jusea's Antique Armour Emporium.
 12151 | D:14     | Bought a pair of scorched boots for 275 gold pieces
 12156 | D:14     | Identified the +4 pair of boots "Ebri" {*Slow rElec rCorr} (You bought it in a shop on level 14 of the Dungeon)
 12156 | D:14     | Bought an embroidered robe for 107 gold pieces
 12265 | D:14     | Bought a runed helmet for 217 gold pieces
 12637 | D:15     | Entered Level 15 of the Dungeon
 12694 | D:15     | Identified the +6 rapier of the Hills {pierce, Dex+4} (You found it on level 14 of the Dungeon)
 13480 | D:15     | Reached skill level 10 in Spellcasting
 13536 | D:15     | Reached XP level 14. HP: 94/106 MP: 11/28
 14233 | D:15     | Found a shattered altar of Ashenzari.
 14271 | D:15     | Found a staircase to the Depths.
 14406 | D:15     | Reached skill level 10 in Dodging
 14918 | Depths:1 | Identified a paperback manual
 14918 | Depths:1 | Entered Level 1 of the Depths
 14994 | D:15     | Reached skill level 10 in Stealth
 15223 | Depths:1 | Noticed a stone giant
 15230 | Depths:1 | Killed a stone giant
 15354 | Depths:1 | Noticed a frost giant
 15373 | Depths:1 | Noticed a stone giant
 15373 | Depths:1 | Noticed a brown very ugly thing
 15373 | Depths:1 | Noticed a brown very ugly thing
 15374 | Depths:1 | Noticed a brown very ugly thing
 15376 | Depths:1 | Noticed a brown very ugly thing
 15482 | Orc:1    | Entered Level 1 of the Orcish Mines
 15542 | Orc:1    | Reached **** piety under Ashenzari
 15646 | Orc:2    | Entered Level 2 of the Orcish Mines
 15646 | Orc:2    | Found Ylirgh's Antique Armour Shop.
 15646 | Orc:2    | Noticed an orc warlord
 15852 | Orc:1    | Found a roughly hewn altar of Beogh.
 16085 | Orc:1    | HP: 1/108 [troll (9)]
 16436 | Orc:2    | Found Emeuzomm's Antique Weapon Shop.
 16870 | Orc:2    | Killed an orc warlord
 17500 | Orc:2    | Reached XP level 15. HP: 114/114 MP: 15/29
 17628 | Orc:2    | Bought an embroidered robe for 88 gold pieces
 17628 | Orc:2    | Bought a glowing robe for 88 gold pieces
 17660 | Orc:2    | Bought a pair of glowing gloves for 180 gold pieces
 17660 | Orc:2    | Bought a pair of glowing gloves for 180 gold pieces
 17751 | Orc:2    | Found a staircase to the Elven Halls.
 17764 | Orc:2    | Found Diorupusch's Jewellery Shop.
 17917 | Orc:2    | Found Xetseyc's General Store.
 18210 | D:15     | Killed a frost giant
 18613 | D:15     | Reached skill level 10 in Transmutations
 19303 | Depths:1 | Paralysed by a great orb of eyes for 3 turns
 19994 | Depths:1 | Paralysed by a great orb of eyes for 5 turns
 20058 | Depths:1 | Noticed a tengu reaver
 20194 | Depths:1 | Killed a tengu reaver
 20466 | Depths:1 | Reached skill level 10 in Fighting
 20466 | Depths:1 | Reached skill level 10 in Short Blades
 20466 | Depths:1 | Reached skill level 10 in Long Blades
 20466 | Depths:1 | Reached skill level 10 in Axes
 20466 | Depths:1 | Reached skill level 10 in Maces & Flails
 20466 | Depths:1 | Reached skill level 10 in Polearms
 20466 | Depths:1 | Reached skill level 10 in Staves
 20466 | Depths:1 | Reached skill level 10 in Slings
 20466 | Depths:1 | Reached skill level 10 in Bows
 20466 | Depths:1 | Reached skill level 10 in Crossbows
 20466 | Depths:1 | Reached skill level 10 in Throwing
 20466 | Depths:1 | Reached skill level 10 in Armour
 20466 | Depths:1 | Reached skill level 10 in Shields
 20466 | Depths:1 | Reached skill level 10 in Unarmed Combat
 20466 | Depths:1 | Reached skill level 10 in Conjurations
 20466 | Depths:1 | Reached skill level 10 in Hexes
 20466 | Depths:1 | Reached skill level 10 in Charms
 20466 | Depths:1 | Reached skill level 10 in Summonings
 20466 | Depths:1 | Reached skill level 10 in Necromancy
 20466 | Depths:1 | Reached skill level 10 in Translocations
 20466 | Depths:1 | Reached skill level 10 in Fire Magic
 20466 | Depths:1 | Reached skill level 10 in Ice Magic
 20466 | Depths:1 | Reached skill level 10 in Air Magic
 20466 | Depths:1 | Reached skill level 10 in Poison Magic
 20466 | Depths:1 | Reached skill level 10 in Invocations
 20466 | Depths:1 | Reached skill level 10 in Evocations
 20566 | Depths:1 | Found a gateway to Hell.
 20674 | Depths:1 | Found a gateway to a ziggurat.
 20674 | Depths:1 | Noticed an angel
 20755 | Depths:1 | Noticed a juggernaut
 20758 | Hell     | Entered the Vestibule of Hell
 20758 | Hell     | Noticed Geryon
 20776 | Hell     | Noticed a hellephant
 20776 | Hell     | Noticed a balrug
 20777 | Hell     | HP: 5/115 [balrug/divine providence (11)]
 20778 | Hell     | Killed from afar by a soul eater

Vault maps used:
D:1:      sevenhm_arrival_forest_fort_large_2, minmay_splitting_lines
D:2:      first_bread
D:3:      uniq_ijyb, uniq_robin
D:5:      serial_bayou_lagoon_a, kennysheep_doodads, uniq_sigmund
D:6:      serial_shops, shop, nicolae_shop_competitors_out_of_business, shop
D:7:      minmay_temple_entry_nine_rooms, grunt_ogre_cave, lemuel_angel_altar
D:8:      makhleb_blood_cavern_becter, nrook_mini_backslash
D:9:      fedhas_bush_and_centaur_altar, uniq_erica
D:10:     lair_entry_dummy
D:11:     gammafunk_jiyva_shrine, minmay_orc_entry_temple_small,
          lab_entry_generic, introduction_to_nature_1
D:12:     grunt_ministairs_2, palyth_stone_intersect
D:13:     david_vaults_3, elyvilon_altar_1, uniq_nessos
D:14:     serial_bayou_pond_d, serial_shops,
          nicolae_shop_temple_entry_statues_fountains, uniq_urug
D:15:     hangedman_depths_entry_civil_slaughter, ashenzari_altar_1,
          minivault_4, serial_bayou_pond_e, st_stairs_5, fountainhead
Temple:   kilobyte_greek_temple
Orc:1:    basic_altar
Orc:2:    grunt_orc_gardens, grunt_orc_garden, grunt_orc_garden,
          grunt_orc_garden, grunt_orc_garden
Depths:1: enter_ziggurat_f, hell_entry, grunt_pan_entry_spiral,
          kennysheep_small_spiral, minmay_multi_spiral
Lab:      labyrinth_mini_lab, nicolae_lab_swirl

Skill      XL: |  1  2  3  4  5  6  7  8  9 10 11 12 13 14 15 |
---------------+----------------------------------------------+-----
Spellcasting   | 5 6 7 8 9 10 11 | 11.1
Fighting       | 1 2 3 4 5 6 7 8 9 10 | 10.0
Short Blades   | 1 2 3 4 5 6 7 8 9 10 | 10.0
Long Blades    | 1 2 3 4 5 6 7 8 9 10 | 10.0
Axes           | 1 2 3 4 5 6 7 8 9 10 | 10.0
Maces & Flails | 1 2 3 4 5 6 7 8 9 10 | 10.0
Polearms       | 1 2 3 4 5 6 7 8 9 10 | 10.0
Staves         | 1 2 3 4 5 6 7 8 9 10 | 10.0
Slings         | 1 2 3 4 5 6 7 8 9 10 | 10.0
Bows           | 1 2 3 4 5 6 7 8 9 10 | 10.0
Crossbows      | 1 2 3 4 5 6 7 8 9 10 | 10.0
Throwing       | 1 2 3 4 5 6 7 8 9 10 | 10.0
Armour         | 1 2 3 4 5 6 7 8 9 10 | 10.0
Shields        | 1 2 3 4 5 6 7 8 9 10 | 10.0
Unarmed Combat | 1 2 3 4 5 6 7 8 9 10 | 10.0
Conjurations   | 1 2 3 4 5 6 7 8 9 10 | 10.0
Hexes          | 1 2 3 4 5 6 7 8 9 10 | 10.0
Charms         | 1 2 3 4 5 6 7 8 9 10 | 10.0
Summonings     | 1 2 3 4 5 6 7 8 9 10 | 10.0
Necromancy     | 1 2 3 4 5 6 7 8 9 10 | 10.0
Translocations | 1 2 3 4 5 6 7 8 9 10 | 10.0
Fire Magic     | 1 2 3 4 5 6 7 8 9 10 | 10.0
Ice Magic      | 1 2 3 4 5 6 7 8 9 10 | 10.0
Air Magic      | 1 2 3 4 5 6 7 8 9 10 | 10.0
Poison Magic   | 1 2 3 4 5 6 7 8 9 10 | 10.0
Invocations    | 1 2 3 4 5 6 7 8 9 10 | 10.0
Evocations     | 1 2 3 4 5 6 7 8 9 10 | 10.0
Transmutations | 3 4 5 6 7 8 9 10 | 10.3
Dodging        | 5 6 7 8 9 10 | 10.9
Earth Magic    | 7 8 9 10 11 | 11.7
Stealth        | 5 6 7 8 9 10 | 10.8

Action                   |  1- 3 |  4- 6 |  7- 9 | 10-12 | 13-15 || total
-------------------------+-------+-------+-------+-------+-------++-------
Melee: Dagger            |    18 |    20 |   181 |   368 |   566 ||  1153
       Unarmed           |    10 |       |       |       |       ||    10
       Bite              |     1 |     1 |    19 |    51 |    64 ||   136
       Punch             |       |       |     4 |    13 |    33 ||    50
 Fire: Blowgun           |       |       |       |     1 |       ||     1
 Cast: Sandblast         |     3 |    11 |    24 |    31 |       ||    69
       Passwall          |       |     4 |    23 |    28 |    20 ||    75
       Petrify           |       |     5 |    40 |   103 |   252 ||   400
       Lee's Rapid Decon |       |       |     8 |    44 |    44 ||    96
       Spectral Weapon   |       |       |       |     1 |     2 ||     3
       Regeneration      |       |       |       |       |    14 ||    14
Invok: Curse Item        |       |       |     3 |     2 |       ||     5
Evoke: Wand              |       |       |       |     5 |     2 ||     7
  Use: Scroll            |       |       |       |    21 |    13 ||    34
       Potion            |       |       |       |    12 |     6 ||    18
 Stab: Sleeping          |     3 |     5 |    18 |    21 |    16 ||    63
       Petrified         |       |    10 |    43 |    72 |   131 ||   256
       Petrifying        |       |       |    10 |    18 |    32 ||    60
       Distracted        |       |       |       |     2 |     1 ||     3
       Invisible         |       |       |       |     1 |       ||     1
  Eat: Chunk             |       |     1 |    19 |    35 |    33 ||    88
       Fruit             |       |       |       |     4 |     3 ||     7
       Meat ration       |       |       |       |       |     2 ||     2
Armor: Robe              |     6 |     4 |    22 |    87 |   174 ||   293
       Troll leather arm |       |       |       |    10 |       ||    10
Dodge: Dodged            |    18 |    12 |    77 |   250 |   478 ||   835
Block: Other             |       |       |       |       |    49 ||    49
       Reflection        |       |       |       |       |     4 ||     4

Table legend:
 A = Spawn XP
 B = Non-spawn XP
 C = Spawn XP percentage of total XP
 D = Spawn monster count
 E = Non-spawn monster count
 F = Spawn count percentage of total count
 G = Total turns spent on level
                    A         B        C        D         E        F      G
               +---------+---------+-------+---------+---------+-------+---------
         Total |       0 |  110730 |   0.0 |       0 |     475 |   0.0 | 20778
               +---------+---------+-------+---------+---------+-------+---------
           D:1 |       0 |       4 |   0.0 |       0 |       2 |   0.0 |   252
           D:2 |       0 |       8 |   0.0 |       0 |       5 |   0.0 |   155
           D:3 |       0 |       5 |   0.0 |       0 |       2 |   0.0 |    40
           D:4 |       0 |      64 |   0.0 |       0 |       8 |   0.0 |   450
           D:5 |       0 |     777 |   0.0 |       0 |      25 |   0.0 |  1224
           D:6 |       0 |    1071 |   0.0 |       0 |      23 |   0.0 |   891
           D:7 |       0 |    1659 |   0.0 |       0 |      23 |   0.0 |  1174
           D:8 |       0 |    2407 |   0.0 |       0 |      28 |   0.0 |   662
           D:9 |       0 |    2031 |   0.0 |       0 |      16 |   0.0 |   774
          D:10 |       0 |    2832 |   0.0 |       0 |      20 |   0.0 |  1126
          D:11 |       0 |    5886 |   0.0 |       0 |      34 |   0.0 |  1993
          D:12 |       0 |   10492 |   0.0 |       0 |      53 |   0.0 |  1982
          D:13 |       0 |    8126 |   0.0 |       0 |      22 |   0.0 |   632
          D:14 |       0 |   11026 |   0.0 |       0 |      37 |   0.0 |  1652
          D:15 |       0 |   28547 |   0.0 |       0 |      52 |   0.0 |  4029
         Orc:1 |       0 |    5690 |   0.0 |       0 |      43 |   0.0 |  1416
         Orc:2 |       0 |    9639 |   0.0 |       0 |      56 |   0.0 |  1193
      Depths:1 |       0 |   19428 |   0.0 |       0 |      25 |   0.0 |   804
           Lab |       0 |    1038 |   0.0 |       0 |       1 |   0.0 |   166
               +---------+---------+-------+---------+---------+-------+---------
